 Dungeon Crawl Stone Soup version 0.26-a0-613-g4f23886233 (webtiles) character file.

Game seed: 2506372181953340880

1127 Peloso the Shield-Bearer (level 8, -3/60 HPs)
             Began as a Demonspawn Fighter on Sept 11, 2020.
             Killed by divine providence
             ... invoked by an orc priest
              (11 damage)
             ... on level 9 of the Dungeon.
             The game lasted 00:07:57 (3422 turns).

Peloso the Shield-Bearer (Demonspawn Fighter)       Turns: 3422, Time: 00:07:58

Health: -3/60      AC: 12    Str: 25    XL:     8   Next: 13%
Magic:  8/8        EV:  9    Int:  9    God:
Gold:   164        SH: 10    Dex: 13    Spells: 7/7 levels left

rFire    . . .     SeeInvis .   b - +0 rapier (curse)
rCold    + . .     Faith    .   c - +0 kite shield
rNeg     . . .     Spirit   .   r - +0 scale mail
rPois    .         Reflect  .   (helmet restricted)
rElec    .         Harm     .   k - +0 cloak
rCorr    +                      (no gloves)
MR       .....                  (no boots)
Stlth    ..........             (no amulet)
HPRegen  0.20/turn              f - +6 ring of strength
MPRegen  0.11/turn              i - ring of resist corrosion

@: no status effects
A: horns 2, iridescent scales 2, cold resistance 1, high mp 1, mutation
resistance 1, powered by pain 1
a: no special abilities


You were on level 9 of the Dungeon.
You visited 1 branch of the dungeon, and saw 9 of its levels.

You collected 164 gold pieces.

Inventory:

Hand Weapons
 a - a +1 long sword
 b - a cursed +0 rapier (weapon)
Armour
 c - a +0 kite shield (worn)
 k - a +0 cloak (worn)
 r - a +0 scale mail (worn)
Jewellery
 f - a +6 ring of strength (left hand)
 i - a ring of resist corrosion (right hand)
 s - an uncursed ring of poison resistance
Wands
 d - a wand of acid (11)
Scrolls
 e - a scroll of amnesia
 l - 4 scrolls of identify
 m - a scroll of fear
 p - a scroll of blinking {unknown}
Potions
 g - a potion of ambrosia {unknown}
 h - a potion of berserk rage
 j - a potion of heal wounds
 n - a potion of cancellation {unknown}
 o - a potion of lignification {unknown}
 q - a potion of haste


   Skills:
 + Level 4.2 Fighting
 + Level 4.2(4.6) Short Blades
 + Level 2.8(4.0) Long Blades
 + Level 4.3 Armour
 + Level 2.6 Dodging
 + Level 0.7 Stealth
 + Level 5.4 Shields


You had 7 spell levels left.
You didn't know any spells.
Your spell library was empty.

Dungeon Overview and Level Annotations

Branches:
Dungeon (9/15)
 Temple: D:4-7         Lair: D:8-11         Orc: D:9-12

Altars:
Trog


Innate Abilities, Weirdness & Mutations

You have a pair of horns on your head.
You are mostly covered in iridescent scales. (AC +4)
Your flesh is cold resistant. (rC+)
You sometimes gain a little power by taking damage.
You have an increased reservoir of magic. (+10% MP)
You are somewhat resistant to further mutation.


Message History

You hit the yak.
The yak is almost dead.
The yak barely misses you.
Unknown command.
You closely miss the yak.
The yak is almost dead.
The yak gores you but does no damage.
Unknown command.
You hit the yak but do no damage. You headbutt the yak, but do no damage.
The yak is almost dead.
You block the yak's attack.
You hit the yak.
You kill the yak!
Your Short Blades skill increases to level 4!
You have reached level 8!
You feel stronger.
Your demonic ancestry asserts itself...
You feel energised by your suffering.
The orc priest invokes the aid of Beogh against you.
Beogh smites you!
You die...

# #. # ###.######
### .#
#.....#.)###.# #.#
##.# #.#.#..).##..##
#..# #...##..).....#
#..###.#####.#.#####
#.().).# #.#.@#Zo#.#
#(##.### #.#.#Yoo.#
#.##.# ####.Y##.....
#.##.# #.#.. #..
#.##.. #.###. #.####
. .. #.# #. .. #.# .
#.. #.# #. .##


You could see 2 yaks, an orc priest and an orc.

Vanquished Creatures
  Pikel (D:7)
  A yak (D:9)
  An ice beast (D:6)
  A centaur (D:9)
  A scorpion (D:9)
  A hound (D:4)
  An orc priest (D:9)
  An orc wizard (D:9)
  3 worker ants
  3 gnolls (D:7)
  3 adders (D:2)
  An ooze (D:1)
  4 worms
  2 dart slugs (D:2)
  2 leopard geckos
  7 orcs
  2 ball pythons
  2 giant cockroaches (D:2)
  12 goblins
  8 hobgoblins
  2 jackals (D:5)
  A quokka (D:6)
  4 bats
  3 frilled lizards (D:1)
  3 kobolds (D:2)
  13 rats
83 creatures vanquished.

Notes
Turn   | Place    | Note
-------+----------+-------------------------------------------
     0 | D:1      | Peloso the Demonspawn Fighter began the quest for the Orb.
     0 | D:1      | Reached XP level 1. HP: 18/18 MP: 1/1
   225 | D:1      | Gained mutation: You have a pair of small horns on your
                  | head. [demonic ancestry]
   225 | D:1      | Reached XP level 2. HP: 18/24 MP: 2/2
   542 | D:1      | Reached skill level 3 in Shields
   767 | D:1      | Gained mutation: You are partially covered in iridescent
                  | scales. (AC +2) [demonic ancestry]
   767 | D:1      | Reached XP level 3. HP: 27/29 MP: 3/3
  1723 | D:2      | Gained mutation: You are mostly covered in iridescent
                  | scales. (AC +4) [demonic ancestry]
  1723 | D:2      | Reached XP level 4. HP: 35/35 MP: 4/4
  1860 | D:2      | Noticed a moth of wrath
  1865 | D:2      | Found a bloodstained altar of Trog.
  2318 | D:3      | You fall into a shaft and drop 1 floor!
  2609 | D:4      | Reached skill level 1 in Short Blades
  2609 | D:4      | Gained mutation: You have a pair of horns on your head.
                  | [demonic ancestry]
  2609 | D:4      | Reached XP level 5. HP: 38/41 MP: 5/5
  2663 | D:5      | Entered Level 5 of the Dungeon
  2850 | D:6      | Noticed an ice beast
  2856 | D:6      | Killed an ice beast
  2856 | D:6      | Reached skill level 1 in Dodging
  2866 | D:7      | Noticed Pikel
  2866 | D:7      | Noticed a lemure
  2866 | D:7      | Noticed a lemure
  2866 | D:7      | Noticed a lemure
  2866 | D:7      | Noticed a lemure
  2930 | D:7      | Killed Pikel
  2930 | D:7      | Reached skill level 4 in Shields
  2930 | D:7      | Reached XP level 6. HP: 29/48 MP: 6/6
  2930 | D:7      | Gained mutation: Your flesh is cold resistant. (rC+)
                  | [demonic ancestry]
  2930 | D:7      | Reached XP level 7. HP: 33/54 MP: 7/7
  2933 | D:7      | Gained mutation: You possess an exceptional clarity of
                  | mind. [potion of mutation]
  2933 | D:7      | Lost mutation: You possess an exceptional clarity of mind.
                  | [potion of mutation]
  2933 | D:7      | Gained mutation: You are somewhat resistant to further
                  | mutation. [potion of mutation]
  2934 | D:7      | Gained mutation: You have an increased reservoir of magic.
                  | (+10% MP) [potion of mutation]
  3208 | D:9      | Reached skill level 5 in Shields
  3400 | D:9      | Noticed a yak
  3400 | D:9      | Noticed a yak
  3402 | D:9      | Noticed a yak
  3422 | D:9      | Killed a yak
  3422 | D:9      | Gained mutation: You sometimes gain a little power by
                  | taking damage. [demonic ancestry]
  3422 | D:9      | Reached XP level 8. HP: 8/60 MP: 8/8
  3422 | D:9      | Killed from afar by an orc priest

Illustrated notes

Levels and vault maps discovered:
D:1:      elethiomel_arrival_maze, layout_loops_ring
D:2:      layout_basic, tgw_trog, kennysheep_nondescript
D:3:      layout_loops_corners, gup_sewer_entry_bowl, minmay_misc_feat_plants,
          minmay_misc_feat_alley, uniq_jessica, uniq_natasha
D:4:      layout_loops_ring
D:5:      layout_basic, basic_altar
D:6:      layout_gridville, grunt_temple_overflow_open,
          minmay_temple_entry_glassed_door, serial_shops, shop,
          minmay_tree_intersection, minmay_increasing_density
D:7:      layout_basic, uniq_pikel, uniq_maggie
D:8:      layout_basic, uniq_psyche
D:9:      layout_loops_ring, tso_altar, erik_orc_3, basic_altar,
          trog_three_pillars_becter, uniq_grum

Skill      XL: |  1  2  3  4  5  6  7 |
---------------+----------------------+-----
Long Blades    | 2 |  2.8
Armour         | 3 4 |  4.3
Shields        | 3 4 5 |  5.4
Short Blades   | 1 3 4 |  4.2
Dodging        | 2 |  2.6
Fighting       | 4 |  4.2
Stealth        | |  0.7

Action                   |  1- 3 |  4- 6 |  7- 9 || total
-------------------------+-------+-------+-------++-------
Melee: Long sword        |   112 |       |       ||   112
       Headbutt          |    11 |    26 |    25 ||    62
       Rapier            |     9 |    94 |    83 ||   186
  Use: Scroll            |     9 |     2 |       ||    11
       Potion            |       |     4 |     2 ||     6
Armor: Scale mail        |    70 |    33 |    19 ||   122
Dodge: Dodged            |    30 |    24 |    25 ||    79
Block: Kite shield       |    78 |    47 |    37 ||   162
       Rpst.: Long sword |    10 |       |       ||    10

Table legend: (Time is in decaauts)
 A = Elapsed time spent in this place.
 B = Non-inter-level travel time spent in this place.
 C = Inter-level travel time spent in this place.
 D = Time resting spent in this place.
 E = Time spent auto-exploring this place.
 F = Levels seen in this place.
 G = Mean time per level.
                   A        B        C        D        E       F      G
               +--------+--------+--------+--------+--------+-----+--------+
         Total |   3465 |   3431 |     34 |      0 |   2542 |   9 |  385.0 |
       Dungeon |   3465 |   3431 |     34 |      0 |   2542 |   9 |  385.0 |
               +--------+--------+--------+--------+--------+-----+--------+

Top non-repeatable levels by time:
     D:1: 1230 daAuts
     D:2: 994 daAuts
     D:4: 348 daAuts
     D:7: 280 daAuts
     D:9: 264 daAuts
     D:5: 188 daAuts
     D:3: 124 daAuts
     D:8: 18 daAuts
     D:6: 16 daAuts
